 Dungeon Crawl Stone Soup version 0.22.1-2-g9c5b331 (webtiles) character file.

69 Matador8 the Grave Robber (level 4, -6/30 HPs)
             Began as a Human Necromancer on Dec 22, 2018.
             Mangled by a gnoll
             ... wielding a +0 flail
              (8 damage)
             ... on level 2 of the Dungeon.
             The game lasted 00:08:05 (1434 turns).

Matador8 the Grave Robber (Human Necromancer)       Turns: 1434, Time: 00:08:06

Health: -6/30      AC:  3    Str:  9    XL:     4   Next: 42%
Magic:  1/7        EV: 12    Int: 16    God:
Gold:   78         SH:  0    Dex: 13    Spells: 2/7 levels left

rFire    . . .     SeeInvis .   d - +0 halberd
rCold    . . .     Gourm    .   (shield currently unavailable)
rNeg     . . .     Faith    .   n - +0 leather armour
rPois    .         Spirit   .   (no helmet)
rElec    .         Reflect  .   (no cloak)
rCorr    .         Harm     .   (no gloves)
MR       .....                  (no boots)
Stlth    ++........             (no amulet)
HPRegen  0.10/turn              (no ring)
MPRegen  0.10/turn              (no ring)

@: no status effects
A: no striking features
a: no special abilities


You were on level 2 of the Dungeon.
You were not hungry.

You visited 1 branch of the dungeon, and saw 2 of its levels.

You collected 78 gold pieces.

Inventory:

Hand Weapons
 d - a +0 halberd (weapon)
 e - a +0 whip
Armour
 a - a +0 robe
 g - a +0 ring mail
 n - a +0 leather armour (worn)
 o - a +0 scale mail
Scrolls
 b - 2 scrolls of remove curse {unknown}
 f - 2 scrolls of identify {unknown}
 k - a scroll of enchant weapon {unknown}
 l - a scroll of blinking {unknown}
 q - a scroll of amnesia {unknown}
Potions
 h - a potion of ambrosia {unknown}
 i - 2 potions of flight {unknown}
 j - a potion of agility {unknown}
 p - a potion of curing {unknown}
Comestibles
 c - 11 rations
 m - a chunk of flesh


   Skills:
 + Level 1.1 Polearms
 - Level 2.0 Dodging
 + Level 3.0 Stealth
 - Level 2.0 Spellcasting
 * Level 4.9 Necromancy


You had 2 spell levels left.
You knew the following spells:

 Your Spells              Type           Power        Failure   Level  Hunger
a - Pain                  Necr           ###.         3%          1    #......
b - Animate Skeleton      Necr           N/A          3%          1    #......
c - Vampiric Draining     Necr           ###.......   12%         3    ###....

Your spell library contained the following spells:

 Spells                   Type           Power        Failure   Level  Hunger
 Regeneration             Chrm/Necr      #.........   32%         3    ###....
 Animate Dead             Necr           N/A          36%         4    #####..


Dungeon Overview and Level Annotations

Branches:
Dungeon (2/15)

Altars:


Message History

The gnoll is almost dead.
The gnoll hits you with a flail!
Casting: Vampiric Draining (safe; 12% risk of failure)
Confirm with . or Enter, or press ? or * to list all spells.
Aiming: Vampiric Draining (safe; 12% risk of failure)
Press: ? - help, Shift-Dir - straight line, f - gnoll
Aim: a gnoll, wielding a flail (almost dead)
You kill the gnoll!
Your Stealth skill increases to level 3!
You feel life coursing into your body.
You hit the gnoll but do no damage. The gnoll hits you with a flail.
You closely miss the gnoll. The gnoll hits you with a flail!
* * * LOW HITPOINT WARNING * * *
Casting: Vampiric Draining (safe; 12% risk of failure)
Confirm with . or Enter, or press ? or * to list all spells.
Aiming: Pain (safe; 3% risk of failure)
Press: ? - help, Shift-Dir - straight line, f - gnoll
Aim: a gnoll, wielding a flail (chance to defeat MR: 82%)
The gnoll writhes in agony!
The gnoll hits you with a flail!
You die...

#####...........##........####.##
##...........#................)..
##...........#.......#...........
##...................##..........
##...........#.......###.........
#...................<#...######.#
#...####.#...........#...##...#.#
..............#####.......#...#.#
#.............hg@.........#......
#.............#####.......#......
#........[....# #.......#......
#.............# ###.#####......
#...........hg# #.............
#...........g.# .........#.....
#..........g..# ..........#.....
#........h.................#.....
##..............#.........#.....


You could see a gnoll and a jackal.

Vanquished Creatures
  4 gnolls
  A dart slug (D:2)
  2 giant cockroaches
  2 goblins (D:1)
  4 hobgoblins
  A jackal (D:2)
  5 bats
  3 frilled lizards
  4 kobolds
  6 rats
32 creatures vanquished.

Vanquished Creatures (collateral kills)
  A frilled lizard (D:1)
  A rat (D:1)
2 creatures vanquished.

Grand Total: 34 creatures vanquished

Notes
Turn   | Place    | Note
-------+----------+-------------------------------------------
     0 | D:1      | Matador8 the Human Necromancer began the quest for the Orb.
     0 | D:1      | Reached XP level 1. HP: 13/13 MP: 3/3
    34 | D:1      | Learned a level 1 spell: Animate Skeleton
    61 | D:1      | Reached XP level 2. HP: 10/19 MP: 0/5
   584 | D:1      | Reached XP level 3. HP: 24/24 MP: 6/6
  1020 | D:2      | Learned a level 3 spell: Vampiric Draining
  1425 | D:2      | Reached skill level 1 in Polearms
  1425 | D:2      | Reached XP level 4. HP: 16/30 MP: 7/7
  1434 | D:2      | Mangled by a gnoll

Skill      XL: |  1  2  3  4 |
---------------+-------------+-----
Polearms       | 1 |  1.1
Stealth        | 3 |  3.0
Dodging        | |  2.0
Spellcasting   | |  2.0
Necromancy     | |  4.9

Action                   |  1- 3 |  4- 6 || total
-------------------------+-------+-------++-------
Melee: Unarmed           |     6 |       ||     6
       Halberd           |    79 |     6 ||    85
 Cast: Pain              |     5 |     1 ||     6
       Animate Skeleton  |    10 |       ||    10
       Vampiric Draining |       |     2 ||     2
 Stab: Sleeping          |     8 |       ||     8
       Distracted        |     1 |       ||     1
  Eat: Chunk             |     2 |       ||     2
Armor: Robe              |    11 |       ||    11
       Leather armour    |    10 |       ||    10
Dodge: Dodged            |    49 |     6 ||    55
